 Dungeon Crawl Stone Soup version 0.22-a0-479-gc6e99f3 (webtiles) character file.

111 vineage the Chopper (level 4, -1/42 HPs)
             Began as a Hill Orc Fighter on June 14, 2018.
             Killed from afar by Slunt's ghost (3 damage)
             ... with a magic dart
             ... on level 3 of the Dungeon.
             The game lasted 00:02:39 (1681 turns).

vineage the Chopper (Hill Orc Fighter)              Turns: 1681, Time: 00:02:40

Health: -1/42      AC:  6    Str: 27    XL:     4   Next: 92%
Magic:  4/4        EV:  7    Int:  8    God:
Gold:   116        SH: 10    Dex: 10    Spells: 3/3 levels left

rFire    + . .     SeeInvis .   a - +0 war axe
rCold    + . .     Gourm    .   c - +0 shield
rNeg     . . .     Faith    .   b - +0 scale mail
rPois    +         Spirit   .   (no helmet)
rElec    +         Reflect  .   (no cloak)
rCorr    +         Harm     .   (no gloves)
MR       .....                  (no boots)
Stlth    ..........             (no amulet)
HPRegen  0.14/turn              k - +3 ring of strength
MPRegen  0.09/turn              (no ring)

@: mighty, lethally poisoned (-1 -> -7), resistant
A: no striking features
a: no special abilities


You were on level 3 of the Dungeon.
You were hungry.

You visited 1 branch of the dungeon, and saw 3 of its levels.

You collected 116 gold pieces.

Inventory:

Hand Weapons
 a - a +0 war axe (weapon)
Armour
 b - a +0 scale mail (worn)
 c - a +0 shield (worn)
Jewellery
 k - a +3 ring of strength (left hand)
Scrolls
 e - a scroll of remove curse {unknown}
 g - 6 scrolls of identify
 j - a scroll of amnesia {unknown}
Comestibles
 f - 4 rations


   Skills:
 + Level 5.1 Fighting
 + Level 5.2 Axes
 - Level 3.2 Armour
 - Level 3.3 Shields


You had 3 spell levels left.
You didn't know any spells.
Your spell library was empty.

Dungeon Overview and Level Annotations

Branches:
Dungeon (3/15)

Altars:
Fedhas
Wu Jian

Annotations:
D:3 Slunt's ghost, amateur HuWz


Message History

You slash Slunt's ghost!
Slunt's ghost is severely damaged.
Slunt's ghost hits you but does no damage.
You are poisoned.
Slunt's ghost hits you but does no damage.
You hit Slunt's ghost.
Slunt's ghost is almost destroyed.
You feel sick.
Slunt's ghost gestures wildly while chanting.
Slunt's ghost blinks!
Slunt's ghost casts a spell.
Slunt's ghost blinks!
You feel sick.
You feel sick.
Slunt's ghost points at you and mumbles some strange words.
The magic dart hits you!
* * * LOW HITPOINT WARNING * * *
Slunt's ghost casts a spell at you. The magic dart hits you!
You die...

##[...........#
##.............# #
##...............
#.#...............#
........!.........#
.#####†.)†..........#
.......)<)......$....
....#...)))..........
. #....W@.........#
##..>..#.........
##..............
###............
###....##.... #..#..
.... #..#... ...
#...#... .. ### ...


You could see Slunt's ghost.

Vanquished Creatures
  2 adders (D:2)
  An ooze (D:1)
  3 worms (D:2)
  2 dart slugs (D:1)
  5 leopard geckos
  7 orcs (D:3)
  4 bats
  6 giant cockroaches
  6 goblins
  6 hobgoblins
  A quokka (D:2)
  6 frilled lizards
  8 kobolds
  6 rats
63 creatures vanquished.

Notes
Turn   | Place    | Note
-------+----------+-------------------------------------------
     0 | D:1      | vineage the Hill Orc Fighter began the quest for the Orb.
     0 | D:1      | Reached XP level 1. HP: 19/19 MP: 1/1
   221 | D:1      | Reached XP level 2. HP: 10/27 MP: 2/2
   338 | D:1      | Reached XP level 3. HP: 17/34 MP: 3/3
   621 | D:2      | Found an ornate altar of the Wu Jian Council.
   864 | D:2      | Reached XP level 4. HP: 29/41 MP: 4/4
  1116 | D:2      | Reached skill level 5 in Fighting
  1310 | D:2      | Found a blossoming altar of Fedhas.
  1645 | D:3      | Reached skill level 5 in Axes
  1649 | D:3      | Noticed Slunt's ghost (amateur HuWz)
  1680 | D:3      | HP: 2/42 [Slunt's ghost/magic dart (7)]
  1681 | D:3      | Killed from afar by Slunt's ghost

Vault maps used:
D:1:      matt_arrival_spirals, kennysheep_crisscross,
          minmay_misc_feat_nine_boxes
D:2:      fedhas_altar_1, lemuel_doored_altar, first_ration, st_stairs_4
D:3:      makhleb_grotto_becter, grunt_ministairs_15, minmay_hedge_maze

Skill      XL: |  1  2  3  4 |
---------------+-------------+-----
Fighting       | 4 5 |  5.1
Axes           | 3 4 5 |  5.2
Armour         | |  3.2
Shields        | |  3.3

Action                   |  1- 3 |  4- 6 || total
-------------------------+-------+-------++-------
Melee: War axe           |   110 |    83 ||   193
  Use: Scroll            |       |     3 ||     3
       Potion            |       |     3 ||     3
  Eat: Chunk             |       |     2 ||     2
Armor: Scale mail        |    38 |    53 ||    91
Dodge: Dodged            |    36 |    37 ||    73
Block: Shield            |    65 |    45 ||   110

Table legend:
 A = Spawn XP
 B = Non-spawn XP
 C = Spawn XP percentage of total XP
 D = Spawn monster count
 E = Non-spawn monster count
 F = Spawn count percentage of total count
 G = Total turns spent on level
                    A         B        C        D         E        F      G
               +---------+---------+-------+---------+---------+-------+---------
         Total |       0 |     159 |   0.0 |       0 |      63 |   0.0 |  1681
               +---------+---------+-------+---------+---------+-------+---------
           D:1 |       0 |      47 |   0.0 |       0 |      20 |   0.0 |   593
           D:2 |       0 |      83 |   0.0 |       0 |      30 |   0.0 |  1030
           D:3 |       0 |      29 |   0.0 |       0 |      13 |   0.0 |    58
               +---------+---------+-------+---------+---------+-------+---------
